 Dungeon Crawl Stone Soup version 0.25.0-33-gff14898491 (webtiles) character file.

Game seed: 16099768732823923782

9445 funkygono the Destroyer (level 11, -2/83 (84) HPs)
             Began as a Pale Draconian Conjurer on July 7, 2020.
             Was a Believer of Sif Muna.
             Slain by a skeletal warrior
             ... wielding a +0 trident
             ... led by a skeletal warrior
              (13 damage)
             ... on level 11 of the Dungeon.
             The game lasted 00:28:31 (14151 turns).

funkygono the Destroyer (Pale Draconian Conjurer)  Turns: 14151, Time: 00:28:31

HP:   -2/83 (84)    AC: 16    Str: 12    XL:     11   Next: 23%
MP:   11/24         EV: 18    Int: 20    God:    Sif Muna [**....]
Gold: 487           SH:  5    Dex: 11    Spells: 25/29 levels left

rFire    + . .     SeeInvis .   D - +8 flail "Gevoizai" {freeze, rF+ rC+ Str+2}
rCold    + . .     Gourm    .   (no shield)
rNeg     . . .     Faith    .   (armour unavailable)
rPois    .         Spirit   .   (helmet restricted)
rElec    .         Reflect  +   H - +2 cloak
rCorr    .         Harm     .   f - +2 pair of gloves
MR       +....                  l - +2 pair of boots
Stlth    ++........             s - amulet of reflection
HPRegen  0.23/turn              z - ring of protection from magic
MPRegen  0.19/turn              F - +4 ring of evasion

@: no status effects
A: breathe steam, unfitting armour, cold-blooded, AC +7
a: Breathe Steam, Channel Magic, Renounce Religion


You were on level 11 of the Dungeon.
You worshipped Sif Muna.
Sif Muna was pleased with you.
You were not hungry.

You visited 2 branches of the dungeon, and saw 12 of its levels.
You also visited: Sewer.

You collected 487 gold pieces.

Inventory:

Hand Weapons
 c - a +1 club
 p - a +0 club of chaos
 q - a +0 dagger of chaos
 t - a +4 flail of draining
 x - a +1 whip of electrocution
 D - the +8 flail "Gevoizai" (weapon) {freeze, rF+ rC+ Str+2}
   (You took it off Grum on level 9 of the Dungeon)

   It has been specially enchanted to freeze those struck by it, causing extra
   injury to most foes and up to half again as much damage against particularly
   susceptible opponents.
   It can also slow down cold-blooded creatures.
   It affects your strength (+2).
   It protects you from fire.
   It protects you from cold.
 K - a +2 flail of draining
Missiles
 e - 280 stones (quivered)
Armour
 f - a +2 pair of gloves (worn)
 l - a +2 pair of boots (worn)
 E - a scarf of resistance
 H - a +2 cloak (worn)
Jewellery
 m - an uncursed amulet of the acrobat
 s - an amulet of reflection (around neck)
 z - a ring of protection from magic (left hand)
 F - a +4 ring of evasion (right hand)
 M - the amulet of the Komtur {Inacc rPois Dex+6}
   (You found it on level 10 of the Dungeon)

   [amulet of inaccuracy]

   It reduces the accuracy of all your attacks.
   It affects your dexterity (+6).
   It protects you from poison.
Wands
 o - a wand of polymorph (11)
 w - a wand of paralysis (4)
 C - a wand of random effects (19)
Scrolls
 a - 7 scrolls of teleportation
 d - 5 scrolls of remove curse
 h - 3 scrolls of enchant armour
 u - 2 scrolls of fear
 y - 4 scrolls of amnesia
 L - 2 scrolls of identify
Potions
 g - a potion of invisibility
 i - 4 potions of lignification
 j - a potion of might
 k - a potion of cancellation
 n - a potion of stabbing
 r - 2 potions of curing
 v - a potion of haste
 A - a potion of ambrosia {unknown}
 B - 2 potions of heal wounds
 G - a potion of magic {unknown}
Miscellaneous
 J - a lightning rod (4/4)
 N - a lightning rod (4/4)
 O - a phial of floods
Comestibles
 b - 21 rations


   Skills:
 + Level 4.2 Fighting
 + Level 6.6 Maces & Flails
 + Level 5.5 Dodging
 + Level 4.1 Stealth
 + Level 9.5 Spellcasting
 + Level 10.6 Conjurations
 + Level 2.0 Fire Magic


You had 25 spell levels left.
You knew the following spells:

 Your Spells              Type           Power        Failure   Level  Hunger
a - Magic Dart            Conj           ####         1%          1    None
b - Searing Ray           Conj           ######       1%          2    None
c - Foxfire               Conj/Fire      ####         1%          1    None

Your spell library contained the following spells:

 Spells                   Type           Power        Failure   Level  Hunger
 Conjure Flame            Conj/Fire      ####....     1%          3    None
 Dazzling Flash           Conj/Hex       ####..       2%          3    None
 Sticky Flame             Conj/Fire      ####....     5%          4    ##.....
 Animate Skeleton         Necr           N/A          8%          1    None
 Pain                     Necr           #...         8%          1    None
 Fulminant Prism          Conj/Hex       ####......   9%          4    ##.....
 Iskenderun's Mystic Bla  Conj/Tloc      ####....     9%          4    ##.....
 Inner Flame              Hex/Fire       ##......     14%         3    None
 Fireball                 Conj/Fire      ####......   16%         5    #####..
 Vampiric Draining        Necr           #.........   22%         3    None
 Animate Dead             Necr           N/A          58%         4    ##.....
 Agony                    Necr           #.......     90%         5    #####..


Dungeon Overview and Level Annotations

Branches:
Dungeon (11/15)            Temple (1/1) D:6            Lair (0/6) D:9
  Sewer (visited)
    Orc: D:9-12

Altars:
Ashenzari
Cheibriados
Dithmenos
Elyvilon
Fedhas
Gozag
Hepliaklqana
Kikubaaqudgha
Makhleb
Nemelex Xobeh
Okawaru
Qazlal
Sif Muna
Trog
Uskayaw
Vehumet
Wu Jian
Xom
Yredelemnul
Zin
The Shining One

Shops:
D:9 !


Innate Abilities, Weirdness & Mutations

You can breathe blasts of scalding, opaque steam.
Your pale cyan-grey scales are hard. (AC +7)
You cannot fit into any form of body armour.
You are cold-blooded and may be slowed by cold attacks.


Message History

* * * LOW HITPOINT WARNING * * *
You hit the skeletal warrior but do no damage.
The skeletal warrior is heavily damaged.
The skeletal warrior hits you but does no damage.
You barely miss the skeletal warrior.
The skeletal warrior is heavily damaged.
The skeletal warrior hits you but does no damage.
Casting: Searing Ray (safe; 1% risk of failure)
Confirm with . or Enter, or press ? or * to list all spells.
Aiming: Searing Ray (safe; 1% risk of failure)
Press: ? - help, Shift-Dir - straight line, f/p - skeletal warrior
Aim: a skeletal warrior, wielding a +0 trident (heavily damaged)
The searing ray hits the skeletal warrior but does no damage.
The skeletal warrior is heavily damaged. (Press . to maintain the ray.)
The skeletal warrior hits you with a +0 trident!
* * * LOW HITPOINT WARNING * * *
The searing ray misses the skeletal warrior.
The skeletal warrior hits you with a +0 trident!
You die...

.# #.# #.#
.# #.# #)#
.# #.# #)#
.# #.# #.#
.# #.# #.#
.###.###
#.#
.......#
#.#
###.##.#
#.########
##...#.#
#.@z.....#
.(...#.#
########.#
##...#.#
#####.#
#.# #.#
#.# #.#
#.#


You could see a skeletal warrior.

Vanquished Creatures
  A two-headed ogre (D:8)
  2 skeletal warriors (D:11)
  Pikel (D:6)
  A wolf spider zombie (D:10)
  A deep elf mage (D:10)
  A troll (D:9)
  A hippogriff (D:9)
  4 yaks
  A basilisk (D:9)
  2 wyverns
  Grum (D:9)
  A hog (D:8)
  A human (D:8)
  A hungry ghost (D:11)
  Duvessa (D:6)
  5 ice beasts
  2 sky beasts
  A slave (D:6)
  2 orc warriors (D:11)
  A black bear (D:7)
  6 ogres
  A hornet zombie (D:6)
  A necrophage (D:6)
  4 wolves (D:9)
  A crocodile (D:9)
  3 centaurs
  2 big kobolds (Sewer)
  4 bullfrogs
  Dowan (D:6)
  3 scorpions
  3 killer bees (D:11)
  3 howler monkeys
  A bullfrog zombie (D:5)
  A crimson imp (D:11)
  A centaur zombie (D:10)
  A jelly (D:11)
  2 quasits
  6 orc priests
  4 hounds
  Jessica (D:2)
  A gnoll shaman (D:6)
  5 iguanas
  4 orc wizards
  7 worker ants
  A killer bee zombie (D:7)
  A hound zombie (D:7)
  3 hound skeletons
  8 gnolls (D:6)
  9 adders
  2 river rats (Sewer)
  3 shadow imps
  3 oozes
  An adder zombie (D:5)
  An adder skeleton (D:7)
  4 worms
  3 dart slugs (D:1)
  4 leopard geckos
  35 orcs
  9 ball pythons
  4 bats
  A giant cockroach (D:7)
  9 goblins
  5 hobgoblins
  9 jackals
  11 kobolds
  2 quokkas
  6 frilled lizards
  A giant cockroach zombie (D:6)
  A jackal skeleton (D:7)
  11 rats
244 creatures vanquished.

Vanquished Creatures (others)
  2 slaves (D:6)
  A bullfrog skeleton (D:6)
  63 foxfires
66 creatures vanquished.

Grand Total: 310 creatures vanquished

Notes
Turn   | Place    | Note
-------+----------+-------------------------------------------
     0 | D:1      | funkygono the Draconian Conjurer began the quest for the
                  | Orb.
     0 | D:1      | Reached XP level 1. HP: 14/14 MP: 3/3
   247 | D:1      | Reached XP level 2. HP: 20/20 MP: 0/5
   281 | D:1      | Learned a level 2 spell: Searing Ray
   998 | D:2      | Noticed Jessica
  1008 | D:2      | Killed Jessica
  1008 | D:2      | Reached skill level 5 in Conjurations
  1008 | D:2      | Reached XP level 3. HP: 11/26 MP: 0/6
  1409 | D:2      | Reached XP level 4. HP: 34/34 MP: 2/7
  1482 | D:2      | Found a bloodstained altar of Trog.
  1724 | D:2      | Reached skill level 1 in Maces & Flails
  2469 | D:3      | Found an opulent altar of Gozag.
  2639 | D:4      | Reached XP level 5. HP: 39/39 MP: 3/9
  2685 | D:4      | Reached skill level 1 in Fighting
  3100 | D:4      | Reached XP level 6. HP: 47/47 MP: 3/10
  3876 | D:5      | Entered Level 5 of the Dungeon
  4187 | D:5      | Reached skill level 6 in Conjurations
  4187 | D:5      | Your scales start taking on a pale cyan-grey colour.
  4187 | D:5      | Reached XP level 7. HP: 52/52 MP: 6/12
  4730 | D:5      | Reached XP level 8. HP: 56/61 MP: 13/15
  4756 | D:5      | Found a shimmering altar of Xom.
  5233 | D:6      | Found a burning altar of Makhleb.
  5243 | D:6      | Reached skill level 5 in Spellcasting
  5243 | D:6      | Reached skill level 7 in Conjurations
  5723 | D:6      | Found a glowing drain.
  5732 | Sewer    | Entered a sewer
  7257 | D:6      | Noticed Pikel
  7278 | D:6      | Paralysed by Pikel for 6 turns
  7286 | D:6      | Killed Pikel
  7286 | D:6      | Reached skill level 8 in Conjurations
  7286 | D:6      | Reached XP level 9. HP: 25/67 MP: 2/18
  7549 | D:6      | Noticed Duvessa
  7563 | D:6      | Killed Duvessa
  7563 | D:6      | Noticed Dowan
  7570 | D:6      | Killed Dowan
  7688 | D:6      | Found a staircase to the Ecumenical Temple.
  7700 | Temple   | Entered the Ecumenical Temple
  7850 | Temple   | Became a worshipper of Sif Muna the Loreminder
  8071 | D:6      | Found a blossoming altar of Fedhas.
  9049 | D:8      | Found an ornate altar of the Wu Jian Council.
  9177 | D:8      | Noticed a two-headed ogre
  9184 | D:8      | Killed a two-headed ogre
  9184 | D:8      | Reached skill level 5 in Maces & Flails
  9184 | D:8      | Reached skill level 9 in Conjurations
  9698 | D:8      | Reached XP level 10. HP: 50/76 MP: 5/21
  9704 | D:8      | Reached * piety under Sif Muna
 10396 | D:8      | Found a basalt altar of Yredelemnul.
 10468 | D:9      | Noticed Grum
 10689 | D:9      | Identified the +8 flail "Gevoizai" {freeze, rF+ rC+ Str+2}
 10716 | D:9      | Killed Grum
 11098 | D:9      | Reached skill level 5 in Dodging
 11284 | D:9      | Found a staircase to the Lair.
 11482 | D:9      | Found an iron altar of Okawaru.
 11492 | D:9      | Found Honkuyco's Distillery.
 11503 | D:9      | Learned a level 1 spell: Foxfire
 11533 | D:9      | Found a radiant altar of Vehumet.
 11533 | D:9      | Found a shattered altar of Ashenzari.
 11564 | D:9      | Found a sparkling altar of Nemelex Xobeh.
 11564 | D:9      | Found a white marble altar of Elyvilon.
 11682 | D:10     | Entered Level 10 of the Dungeon
 11682 | D:10     | Noticed a deep elf mage
 11688 | D:10     | Killed a deep elf mage
 11688 | D:10     | Reached skill level 10 in Conjurations
 12152 | D:10     | Reached ** piety under Sif Muna
 12458 | D:10     | Got a sparkling pewter amulet
 13023 | D:10     | Identified the amulet of the Komtur {Inacc rPois Dex+6}
                  | (You found it on level 10 of the Dungeon)
 13288 | D:11     | Reached XP level 11. HP: 72/83 MP: 20/24
 13582 | D:11     | Reached skill level 1 in Fire Magic
 13832 | D:11     | Noticed a skeletal warrior
 13835 | D:11     | Noticed a skeletal warrior
 13853 | D:11     | Killed a skeletal warrior
 13858 | D:11     | Killed a skeletal warrior
 14121 | D:11     | Noticed a skeletal warrior
 14151 | D:11     | Slain by a skeletal warrior

Illustrated notes

Levels and vault maps discovered:
D:1:      saegor_arrival_miasma, layout_loops_ring
D:2:      layout_rooms, old_standard_altar, uniq_jessica
D:3:      layout_loops_cross, grunt_gozag_statues, first_ration,
          corexii_hall_statues_l
D:4:      layout_basic
D:5:      layout_cave_pools, serial_column_ruins, column_ruins_hut_ruined,
          column_ruins_grid_1, column_ruins_grid_4, column_ruins_grid_1,
          column_ruins_grid_2, column_ruins_columns_straight,
          chequers_serial_rivers_small_a, tgw_xom
D:6:      layout_loops_corners, kennysheep_mini, makhleb_blood_cavern_becter,
          minmay_temple_entry_proselytizer, portal_sewer_entry_d, uniq_duvessa,
          uniq_pikel
D:7:      layout_loops_ring
D:8:      layout_layer_cave, marbit_many_paths, basic_altar, grunt_livestock
D:9:      layout_cave_pools, kennysheep_okawaru_gauntlet,
          nicolae_overflow_hidden_temple, david_lair_generic, serial_shops,
          shop, uniq_grum
D:10:     minmay_evil_eye, layout_layer_cave
D:11:     layout_loops_ring
Temple:   minmay_temple_curvy_loop

Skill      XL: |  1  2  3  4  5  6  7  8  9 10 11 |
---------------+----------------------------------+-----
Conjurations   | 5 6 8 9 10 | 10.6
Maces & Flails | 1 2 3 4 5 6 |  6.6
Stealth        | 2 3 4 |  4.1
Spellcasting   | 3 4 6 7 9 |  9.5
Fighting       | 1 2 3 4 |  4.2
Dodging        | 2 3 4 5 |  5.5
Fire Magic     | 2 |  2.0

Action                   |  1- 3 |  4- 6 |  7- 9 | 10-12 || total
-------------------------+-------+-------+-------+-------++-------
Melee: Club              |    25 |    53 |    25 |       ||   103
       Tailslap          |     4 |     6 |     6 |     6 ||    22
       Flail             |       |       |    41 |    79 ||   120
 Cast: Magic Dart        |    53 |   103 |   222 |    81 ||   459
       Searing Ray       |       |     6 |    33 |    35 ||    74
       Foxfire           |       |       |       |    49 ||    49
 Abil: Breathe Steam     |       |       |     1 |     1 ||     2
  Use: Scroll            |     3 |     7 |     7 |     6 ||    23
  Eat: Chunk             |     2 |     9 |    14 |     2 ||    27
       Ration            |       |       |     1 |     4 ||     5
Armor: Skin              |     9 |    19 |    45 |    48 ||   121
Dodge: Dodged            |    18 |    35 |   106 |   120 ||   279
Block: Other             |       |       |     4 |    37 ||    41
